 Dungeon Crawl Stone Soup version 0.28.0-53-g5a82cb258f (console) character file.

Game seed: 14926783371892928023

1172 erker the Digger (level 8, -1/46 HPs)
             Began as an Octopode Earth Elementalist on July 23, 2022.
             Slain by a gnoll
             ... wielding a +0 club
              (6 damage)
             ... on level 6 of the Dungeon.
             The game lasted 00:20:41 (7635 turns).

erker the Digger (Octopode Earth Elementalist)      Turns: 7635, Time: 00:20:42

Health: -1/46      AC:  3    Str:  6 (8)  XL:     8   Next: 41%
Magic:  7/13       EV: 13    Int: 18 (19) God:
Gold:   184        SH:  0    Dex: 12      Spells: 7/14 levels left

rFire   . . .      SeeInvis .   a - +2 dagger (elec)
rCold   . . .      Faith    .   (no shield)
rNeg    . . .      Spirit   .   c - +2 hat
rPois   .          Reflect  .   (no amulet)
rElec   .          Harm     .   (no ring)
rCorr   .          Rampage  .   (no ring)
Will    .....                   (no ring)
Stlth   +++.......              (no ring)
HPRegen 0.15/turn               (no ring)
MPRegen 0.13/turn               (no ring)
                                (no ring)
                                (no ring)

@: marked
A: almost no armour, amphibious, 8 rings, camouflage 1, gelatinous body 1,
(nimble swimmer 1), tentacles
a: no special abilities


You were on level 6 of the Dungeon.
You visited 1 branch of the dungeon, and saw 6 of its levels.

You collected 184 gold pieces.

Inventory:

Hand Weapons
 a - a +2 dagger of electrocution (weapon)
 b - the +1 mace of Edde Eno {venom, +Blink Str+4 Int+3}
   (You found it on level 5 of the Dungeon)

   It poisons the flesh of those it strikes.
   Str:       It affects your strength (+4).
   Int:       It affects your intelligence (+3).
   +Blink:    It lets you blink.
Missiles
 e - 8 stones (quivered)
 l - a throwing net
 t - 2 curare-tipped darts
Armour
 c - a +2 hat (worn)
Wands
 r - a wand of charming (2)
Scrolls
 f - a scroll of acquirement
 h - 2 scrolls of brand weapon {unknown}
 j - 2 scrolls of identify
 m - a scroll of vulnerability {unknown}
 n - a scroll of summoning {unknown}
 o - a scroll of noise {unknown}
 p - 2 scrolls of fog {unknown}
 q - a scroll of magic mapping {unknown}
Potions
 d - a potion of mutation
 g - 3 potions of degeneration
 i - 2 potions of flight {unknown}
 k - 2 potions of might
 s - a potion of curing {unknown}


   Skills:
 - Level 2.0 Short Blades
 - Level 2.0 Dodging
 - Level 4.0 Stealth
 + Level 3.5 Spellcasting
 - Level 6.0 Transmutations
 + Level 6.8 Earth Magic


You had 7 spell levels left.
You knew the following spells:

 Your Spells              Type           Power      Damage    Failure   Level
a - Sandblast             Erth           56%        2d13      1%          1
p - Petrify               Tmut/Erth      26%        N/A       11%         4
w - Passwall              Tmut/Erth      21%        N/A       1%          2

Your spell library contained the following spells:

 Spells                   Type           Power      Damage    Failure   Level
 Stone Arrow              Conj/Erth      30%        3d8       11%         3
 Dazzling Flash           Conj/Hex       6%         N/A       43%         3
 Borgnjor's Vile Clutch   Necr/Erth      7%         N/A       71%         5
 Animate Dead             Necr           1%         N/A       83%         4
 Agony                    Necr           3%         N/A       99%         5
 Silence                  Hex/Air        1%         N/A       99%         5
 Death Channel            Necr           1%         N/A       100%        6


Dungeon Overview and Level Annotations

Branches:
Dungeon (6/15)
 Temple: D:4-7

Altars:
Dithmenos
Vehumet

Annotations:
D:2 Sigmund


Innate Abilities, Weirdness & Mutations

You cannot wear most types of armour.
You are amphibious.
You can wear up to eight rings at the same time.
Your skin changes colour to match your surroundings (Stealth+).
Your rubbery body absorbs attacks. (AC +1, EV +1)
((You are camouflaged when in or above water. (Stealth+)))
You have tentacles for arms and can constrict up to eight enemies at once.


Message History

The gnoll is severely wounded.
You constrict the gnoll.
The gnoll stops moving altogether!
The gnoll closely misses you.
The helpless gnoll fails to defend itself.
You impale the gnoll!!
You kill the gnoll!
The gnoll shaman calls upon its god to speed up the gnoll.
The gnoll seems to speed up.
The gnoll hits you from afar with a +0 spear!
Casting: Petrify (quite dangerous; 11% risk of failure)
Confirm with . or Enter, or press ? or * to list all spells.
The spell is quite dangerous to miscast (11% risk of failure)!
Continue anyway?
Aiming: Petrify (quite dangerous; 11% risk of failure)
Press: ? - help, Shift-Dir - straight line, f - gnoll
Aim: a gnoll, wielding a +0 spear (chance to affect: 66%)
The gnoll struggles to resist.
The gnoll hits you from afar with a +0 spear.
A gnoll comes into view. It is wielding a +0 spear.
The gnoll moves out of view.
The gnoll shouts! x2
The gnoll pulls the alarm!
The alarm trap emits a blaring wail!
A sentinel's mark forms upon you. The gnoll closely misses you.
You hear an angry hiss.
You hear a shout!
You hear a roar!
You hear a shout!
You hear a bark!
You hear a shout! x3
The gnoll throws a throwing net.
The throwing net hits you.
You become entangled in the net!
You see here a throwing net.
You struggle against the net.
The gnoll hits you from afar with a +0 spear.
The gnoll closely misses you.
You tear a large gash into the net.
The gnoll hits you with a +0 club.
* * * LOW HITPOINT WARNING * * *
The gnoll hits you from afar with a +0 spear.
* * * LOW HITPOINT WARNING * * *
The gnoll hits you with a +0 club.
* * * LOW HITPOINT WARNING * * *
You shred the net and break free! The gnoll hits you with a +0 club.
You die...

###### ##.##.# #.
#..##.# .#######..##.#
.(.........>#
#.#####..#@g######
..#.#####>.#.......# #.
...........#gg####.# ..
..#..#.......g.g.##.#
#.##.#..#...#..#.......#
#.##.#..#.........#.####
.....#..#<.....#..#)#
#.#...g........#..#.#
.........)..).....#g#


You could see a gnoll shaman and 4 gnolls.

Vanquished Creatures
  A black bear (D:5)
  An ogre (D:4)
  A centaur (D:5)
  A phantom (D:5)
  3 scorpions
  A water moccasin zombie (D:3)
  A water moccasin skeleton (D:4)
  A centaur zombie (D:5)
  A hound (D:5)
  A bullfrog skeleton (D:5)
  An orc priest (D:5)
  5 iguanas
  5 orc wizards
  Robin (D:2)
  5 gnolls
  2 adders
  A shadow imp (D:5)
  An ufetubus (D:4)
  An adder skeleton (D:4)
  A worm (D:3)
  3 dart slugs
  13 orcs
  3 bats
  7 endoplasms
  A giant cockroach (D:3)
  11 goblins
  7 hobgoblins
  3 kobolds
  4 quokkas
  7 ball pythons
  3 frilled lizards
  3 rats
100 creatures vanquished.

Notes
Turn   | Place    | Note
-------+----------+-------------------------------------------
     0 | D:1      | erker the Octopode Earth Elementalist began the quest for
                  | the Orb.
     0 | D:1      | Reached XP level 1. HP: 11/11 MP: 3/3
     2 | D:1      | Noticed a formicid
     2 | D:1      | Noticed a human
     4 | D:1      | Noticed a felid
     6 | D:1      | Noticed a demigod
     8 | D:1      | Noticed a demonspawn
     8 | D:1      | Noticed a vampire
    10 | D:1      | Noticed an ogre
    12 | D:1      | Noticed a naga
    12 | D:1      | Noticed a gargoyle
    14 | D:1      | Noticed a dwarf
    16 | D:1      | Noticed a merfolk
    16 | D:1      | Noticed a spriggan
    18 | D:1      | Noticed a tengu
    18 | D:1      | Noticed a minotaur
    20 | D:1      | Noticed a draconian
    20 | D:1      | Noticed a troll
    22 | D:1      | Noticed an octopode
    22 | D:1      | Noticed a vine stalker
    24 | D:1      | Noticed a ghoul
    26 | D:1      | Noticed an elf
   226 | D:1      | Found a faded altar of an unknown god.
   475 | D:1      | Found Torasusa's Antique Weapon Shoppe.
   840 | D:2      | Noticed Sigmund
  1023 | D:2      | Reached XP level 2. HP: 17/17 MP: 5/5
  1041 | D:2      | Reached skill level 1 in Short Blades
  1446 | D:2      | Reached XP level 3. HP: 17/21 MP: 6/6
  1596 | D:2      | Noticed Robin
  1645 | D:2      | Killed Robin
  2195 | D:2      | Reached XP level 4. HP: 27/27 MP: 7/7
  2599 | D:2      | Learned a level 2 spell: Passwall
  2604 | D:2      | Learned a level 4 spell: Petrify
  2812 | D:3      | Reached XP level 5. HP: 26/31 MP: 5/8
  4082 | D:4      | Noticed an ogre
  4149 | D:4      | Reached XP level 6. HP: 36/36 MP: 5/9
  4196 | D:5      | Entered Level 5 of the Dungeon
  4308 | D:5      | Reached skill level 5 in Earth Magic
  4518 | D:5      | Noticed a black bear
  4553 | D:5      | Reached XP level 7. HP: 33/41 MP: 5/10
  5477 | D:5      | Reached skill level 5 in Transmutations
  5478 | D:5      | Found a shadowy altar of Dithmenos.
  5898 | D:5      | Identified the +1 mace of Edde Eno {venom, +Blink Str+4
                  | Int+3}
  6177 | D:5      | Reached XP level 8. HP: 22/46 MP: 8/11
  6677 | D:6      | Found a radiant altar of Vehumet.
  7106 | D:5      | HP: 2/46 [poisoned by a scorpion]
  7312 | D:5      | Identified 2 scrolls of acquirement
  7313 | D:5      | Acquired a +2 hat
  7635 | D:6      | Slain by a gnoll

Illustrated notes

Levels and vault maps discovered:
D:1:      kb_arrival_jail, layout_basic, basic_ecumenical_altar, serial_shops,
          nicolae_shop_hallway_stairs, chequers_serial_rivers_marsh
D:2:      minmay_skewed_foursquare, layout_loops_ring,
          kennysheep_cross_bottleneck, uniq_sigmund, uniq_robin
D:3:      layout_basic
D:4:      layout_cave_pools
D:5:      layout_layer_cave, nicolae_dithmenos_through_a_glass_darkly
D:6:      layout_basic, vehumet_altar_wand_db, lemuel_tele_altar

Skill      XL: |  1  2  3  4  5  6  7  8 |
---------------+-------------------------+-----
Stealth        | 3 4 |  4.0
Short Blades   | 1 2 |  2.0
Earth Magic    | 4 5 6 |  6.8
Transmutations | 2 4 6 |  6.0
Spellcasting   | 3 |  3.5
Dodging        | |  2.0

Action                   |  1- 3 |  4- 6 |  7- 9 || total
-------------------------+-------+-------+-------++-------
Melee: Dagger            |    45 |    56 |    96 ||   197
       Unarmed           |     6 |       |       ||     6
       Tentacles         |     9 |    16 |    29 ||    54
       Constrict         |    11 |    13 |    18 ||    42
       Punch             |     3 |       |     3 ||     6
       Mace              |       |       |     9 ||     9
Throw: Stone             |       |     1 |     1 ||     2
 Cast: Sandblast         |    17 |    30 |    47 ||    94
       Passwall          |       |     2 |     8 ||    10
       Petrify           |       |       |     7 ||     7
  Use: Scroll            |       |       |     4 ||     4
       Potion            |       |       |     4 ||     4
 Stab: Sleeping          |    12 |    10 |     2 ||    24
       Petrified         |       |       |    11 ||    11
       Petrifying        |       |       |     1 ||     1
Armor: Skin              |     1 |     3 |    33 ||    37
Dodge: Dodged            |    21 |    40 |    50 ||   111
